Unix NetHack Version 5.0.0-0 post-release - last build May 10 2026 23:12:36 (d1fa5d53e341ca933230fdaa984d921c805b60aa,branch:main).

Game began 2026-05-12 23:35:15, ended 2026-05-12 23:41:05.

Drastanta, neutral female gnomish Healer

          ----
   ----- --..|
----..|.--...------
|.......@B......|.--
|...?....r.........---
--......(.d..^<....:.|
|.....G..*..................|
|*..?.......--.|.-- .......--
--...----...|-----    .....|
 |..    ...--           ...-
 --.    --.             -- .-
  --     --

Drastanta the Rhizotomist    St:7 Dx:10 Co:16 In:8 Wi:16 Ch:18  Neutral
Dlvl:3  $:1302 HP:0(30) Pw:5(6) AC:5  Xp:1 T:716 

Latest messages:
 You hear crashing rock.
 A bear trap closes on your foot!
 Your movements are slowed slightly because of your load.
 You are caught in a bear trap.
 You are caught in a bear trap.
 You are caught in a bear trap.
 You hear crashing rock.
 You are caught in a bear trap.
 You are caught in a bear trap.
 The little dog misses the grid bug.
 You are caught in a bear trap.
 The little dog misses the grid bug.
 The little dog bites the grid bug.
 The grid bug is killed!
 You are caught in a bear trap.
 You finally wriggle free.
 The little dog misses the bat.
 The bat bites!
 The bat bites!
 You hear crashing rock.
 You hear crashing rock.
 The bat bites!
 You miss the bat.
 The little dog bites the giant rat.
 You hear crashing rock.
 The bat misses!
 The bat misses!
 Your leg feels better.
 Your movements are now unencumbered.
 You miss the bat.
 The little dog misses the giant rat.
 The bat bites!
 The bat bites!
 You miss the bat.
 The bat misses!
 The bat misses!
 You hit the bat.
 The giant rat misses!
 The bat bites!
 The bat bites!
 You miss the bat.
 The giant rat bites!
 The bat bites!
 The bat bites!
 You miss the bat.
 The little dog misses the giant rat.
 The giant rat bites!
 You die...
 Do you want your possessions identified? [ynq] (y) y
 Do you want to see your attributes? [ynq] (y) q

Inventory:
 Coins    ('$')
  $ - 1302 gold pieces
 Weapons  (')')
  a - a +0 scalpel (weapon in right hand)
 Armor    ('[')
  b - an uncursed +1 pair of leather gloves (being worn)
  n - an uncursed +0 studded leather armor (being worn)
 Comestibles  ('%')
  k - 6 uncursed apples
  s - an uncursed cram ration
  r - 2 uncursed food rations
  p - an uncursed tripe ration
 Scrolls  ('?')
  o - 2 uncursed scrolls of confuse monster
  m - a blessed scroll of remove curse
  t - an uncursed scroll of scare monster
 Spellbooks  ('+')
  q - an uncursed spellbook of clairvoyance
  i - a blessed spellbook of extra healing
  h - a blessed spellbook of healing
  j - a blessed spellbook of stone to flesh
 Potions  ('!')
  l - an uncursed potion of enlightenment
 Wands    ('/')
  g - a wand of sleep (0:5)
 Tools    ('(')
  c - an uncursed stethoscope

Drastanta the Healer's attributes:

Background:
 You were a Rhizotomist, a level 1 female gnomish Healer.
 You were neutral, on a mission for Hermes
 who was opposed by Athena (lawful) and Poseidon (chaotic).
 You were right-handed.
 You were in the Gnomish Mines, on level 3.
 You entered the dungeon 716 turns ago.
 It was nighttime.
 You had 16 experience points, 4 more were needed to attain level 2.

Basics:
 You had 0 out of 30 hit points.
 You had 5 out of 6 energy points (spell power).
 Your armor class was 5.
 Your wallet contained 1302 zorkmids.
 Autopickup was off.

Final Characteristics:
 Your strength was 7 (limit:18/50).
 Your dexterity was 10 (limit:18).
 Your constitution was 16 (limit:18).
 Your intelligence was 8 (limit:19).
 Your wisdom was 16 (limit:18).
 Your charisma was 18 (limit:18).

Final Status:
 You weren't hungry.
 You were unencumbered.
 You were wielding a knife.
 You had basic skill with knife.

Final Attributes:
 You were fervently aligned.
 You were poison resistant.
 You had infravision.
 You were warded.
 You are dead.

Miscellaneous:
 You didn't encounter any bones levels.
 Total elapsed playing time was 5 minutes and 50 seconds.

Major events:
 Turn
    1: Drastanta the neutral female gnomish Healer entered the dungeon
  642: entered the Gnomish Mines
  716: killed by a giant rat

Spells:
 Name                 Level Category     Fail Retention
 healing                1   healing        0%  91%-100%
 extra healing          3   healing       54%  91%-100%
 stone to flesh         3   healing       64%  91%-100%

Skills:
 Fighting Skills
   bare handed combat [Unskilled]
 Weapon Skills
   dagger             [Unskilled]
   knife              [Basic]
   short sword        [Unskilled]
   saber              [Unskilled]
   club               [Unskilled]
   mace               [Unskilled]
   quarterstaff       [Unskilled]
   polearms           [Unskilled]
   spear              [Unskilled]
   trident            [Unskilled]
   sling              [Unskilled]
   dart               [Unskilled]
   shuriken           [Unskilled]
   unicorn horn       [Unskilled]
 Spellcasting Skills
   healing spells     [Basic]

Voluntary challenges:
 Character rerolling was not enabled.
 You were illiterate.
 You never genocided any monsters.
 You never polymorphed an object.
 You never changed form.
 You used no wishes.
Achievements:
 You entered the Gnomish Mines.
 You entered a shop.

 The Dungeons of Doom: levels 1 to 3
    Level 1:
       A grave.
    Level 2:
       An armor shop, an altar, a grave.
       Stairs down to The Gnomish Mines.
    Level 3:
 The Gnomish Mines:
    Level 3: <- You were here.
       Final resting place for
          you, killed by a giant rat.


Vanquished creatures:
  4 jackals
  a kobold
  a goblin
  2 sewer rats
  3 grid bugs
  a lichen
12 creatures vanquished.

No species were genocided or became extinct.

Game over:
                       ----------
                      /          \
                     /    REST    \
                    /      IN      \
                   /     PEACE      \
                  /                  \
                  |    Drastanta     |
                  |     1302 Au      |
                  |   killed by a    |
                  |    giant rat     |
                  |                  |
                  |                  |
                  |       2026       |
                 *|     *  *  *      | *
        _________)/\\_//(\/(/\)/\//\/|_)_______

Goodbye Drastanta the Healer...

You died in The Gnomish Mines on dungeon level 3 with 182 points,
and 1302 pieces of gold, after 716 moves.
You were level 1 with a maximum of 30 hit points when you died.

